 Dungeon Crawl Stone Soup version 0.31-a0-496-g6f97920a28 (webtiles) character file.

Game seed: 12844092565982020662

1590 javelincjr the Changeling (level 8, -1/76 HPs)
             Began as a Troll Shapeshifter on Aug 8, 2023.
             Slain by an orc
             ... wielding a +0 falchion
              (6 damage)
             ... on level 7 of the Dungeon.
             The game lasted 00:19:15 (4721 turns).

javelincjr the Changeling (Troll Shapeshifter)      Turns: 4721, Time: 00:19:16

Health: -1/76      AC:  4    Str: 31    XL:     8   Next: 61%
Magic:  7/7        EV: 15    Int:  1    God:
Gold:   369        SH:  0    Dex: 14    Spells: 7/7 levels left

rFire   . .          .
                       - Unarmed
rCold   . . .        p - melded +0 kite shield
rNeg    + . .        l - +0 robe {rN+}
rPois   .            (helmet restricted)
rElec   .            (no cloak)
rCorr   .            (gloves unavailable)
SInv    .            (boots unavailable)
Will    .....        (no amulet)
Stlth   +            k - +6 ring of strength
HPRegen 1.12/turn    a - +4 ring of slaying
MPRegen 0.10/turn

%: no passive effects
@: confused, lethally poisoned (-1 -> -2), flux-form, glowing
A: glow, contaminating, reduced hp, large, unfitting armour, claws 3,
regeneration 1, shaggy fur 1, tough skin 1, agile 1, dopey 1
a: Begin Untransformation


You were on level 7 of the Dungeon.
You were something dangerously unstable.
You visited 1 branch of the dungeon, and saw 7 of its levels.
You also visited: Sewer.

You collected 369 gold pieces.

Inventory:

Hand Weapons
 e - a +0 trident
 i - a +2 dagger of speed
 r - a +0 halberd of protection
 t - a +2 quarterstaff of chaos
 H - a +2 dagger of venom
Missiles
 j - 30 poisoned darts (quivered)
 u - 2 throwing nets
Armour
 f - a +1 cloak
 l - a +0 robe of positive energy (worn)
 p - a +0 kite shield (melded)
 s - a +2 cloak of willpower
 R - +0 fire dragon scales
Jewellery
 a - a +4 ring of slaying (right claw)
 k - a +6 ring of strength (left claw)
 C - a ring of fire
 P - a ring of poison resistance
Talismans
 c - a beast talisman
 d - a flux talisman (active)
 A - a serpent talisman
Wands
 I - a wand of paralysis (11)
Scrolls
 g - 2 scrolls of blinking
 h - 5 scrolls of fog
 n - 4 scrolls of brand weapon {unknown}
 o - 3 scrolls of acquirement {unknown}
 v - a scroll of enchant armour {unknown}
 w - a scroll of poison {unknown}
 x - a scroll of silence {unknown}
 y - 5 scrolls of teleportation {unknown}
 z - 3 scrolls of revelation {unknown}
 F - a scroll of amnesia {unknown}
 G - a scroll of vulnerability {unknown}
 Q - a scroll of immolation {unknown}
 S - a scroll of torment {unknown}
Potions
 b - a potion of lignification
 m - a potion of magic
 q - a potion of cancellation
 B - a potion of curing {unknown}
 D - a potion of heal wounds {unknown}
 E - a potion of brilliance {unknown}
 J - a potion of invisibility {unknown}
 K - 4 potions of haste {unknown}
 L - a potion of resistance {unknown}
 M - a potion of might {unknown}
 N - a potion of experience {unknown}
 O - a potion of berserk rage {unknown}


   Skills:
 * Level 4.8 Fighting
 + Level 3.7 Dodging
 + Level 3.4 Shields
 + Level 5.0 Unarmed Combat
 * Level 5.7 Shapeshifting


You had 7 spell levels left.
You didn't know any spells.
Your spell library contained the following spells:

 Spells                   Type           Power      Damage    Failure   Level
 Freeze                   Ice            0%         1d3       56%         1
 Dazzling Flash           Conj/Hex       0%         N/A       91%         3
 Frozen Ramparts          Ice            0%         1d1       91%         3
 Hailstorm                Conj/Ice       0%         3d3       91%         3
 Volatile Blastmotes      Fire/Tloc      0%         2d10      91%         3
 Starburst                Conj/Fire      0%         6d3       100%        6
 Maxwell's Capacitive Co  Air            0%         ∞         100%        8


Dungeon Overview and Level Annotations

Branches:
Dungeon (7/15)              Sewer (visited)
 Temple: D:4-7

Altars:
Gozag

Shops:
D:5 (


Innate Abilities, Weirdness & Mutations

You are something dangerously unstable.
You glow with magical radiation, making you easy to see and hit.
Foes you strike become dangerously contaminated with magical radiation.
Your maximum health is decreased, since you lack skill for your form.
You are incapable of wielding weapons or throwing items.
You are too large for most types of armour.
You have claws for hands.
Your natural rate of healing is unusually fast.
You are covered in fur. (AC +1)
You have tough skin. (AC +1)
You are agile. (Dex +4, Str/Int -1)
You are dopey. (Int -2)


Message History

Something hits you. The orc completely misses you.
The white imp closely misses you.
You scratch the white imp.
The white imp shudders as magic cascades through it!!
You kill the white imp!
Something hits you. The orc hits you but does no damage.
The water moccasin bites you.
You are poisoned.
The water moccasin poisons you!
You completely miss the water moccasin.
You feel very sick. The water moccasin bites you.
The orc hits you with a +0 dagger.
You claw the water moccasin!
The water moccasin begins to glow.
The water moccasin is moderately wounded.
You feel sick. The water moccasin misses you. Something hits you.
The orc hits you with a +0 dagger.
You claw the water moccasin!
The water moccasin glows dangerously bright.
The water moccasin is severely wounded.
You feel very sick. The water moccasin bites you.
You are more poisoned.
The water moccasin poisons you! The water moccasin bites you!
The orc attacks as you move away! The orc hits you with a +0 falchion.
You feel very sick.
You hear some strange, mumbled words.
You are confused.
You claw the orc!
You kill the orc!
You feel very sick. The orc hits you but does no damage.
The orc attacks as you move away! The orc closely misses you.
You feel very sick.
You feel very sick. The orc hits you with a +0 falchion!
* * * LOW HITPOINT WARNING * * *
You bump into the rock wall.
You feel sick. Something hits you.
* * * LOW HITPOINT WARNING * * *
The orc hits you with a +0 falchion.
You die...

##...### ......
#....# #....#
#....#
#.)####+## #
#.S...$..#
#.#.oo.....#
..###.##.B.....#
#........##.#.##
#######.###.#.##
#.# #....
#.###.... .#.
#..##.... ...
##..#.#.#..#
##.#.#.#.#
#...#...#


You could see a water moccasin (heavy contam) and 2 orcs.

Vanquished Creatures
  A water moccasin (D:6)
  3 ogres
  4 bullfrogs
  2 scorpions (D:5)
  A howler monkey (D:6)
  2 orc priests
  A hound (D:5)
  A jelly (D:6)
  Crazy Yiuf (D:2)
  3 sleepcaps
  Jessica (D:2)
  A gnoll bouda (D:6)
  3 iguanas
  4 orc wizards
  16 gnolls
  7 adders
  A shadow imp (D:6)
  A white imp (D:7)
  2 worms
  3 dart slugs
  16 orcs
  7 endoplasms
  5 giant cockroaches
  6 goblins
  5 hobgoblins
  5 jackals
  24 kobolds
  4 quokkas
  4 ball pythons
  4 bats
  4 frilled lizards
  8 rats
150 creatures vanquished.

Notes
Turn   | Place    | Note
-------+----------+-------------------------------------------
     0 | D:1      | javelincjr the Troll Shapeshifter began the quest for the
                  | Orb.
     0 | D:1      | Reached XP level 1. HP: 18/18 MP: 0/0
    53 | D:1      | Reached skill level 1 in Fighting
    92 | D:1      | Reached XP level 2. HP: 27/27 MP: 1/1
   283 | D:1      | Found a faded altar of an unknown god.
   758 | D:2      | Noticed Jessica
   764 | D:2      | Killed Jessica
   765 | D:2      | Reached XP level 3. HP: 35/35 MP: 2/2
  1084 | D:2      | Reached XP level 4. HP: 33/42 MP: 3/3
  1387 | D:2      | Found a runed translucent door.
  1388 | D:2      | Noticed Crazy Yiuf
  1401 | D:2      | Killed Crazy Yiuf
  1749 | D:3      | Reached XP level 5. HP: 49/49 MP: 4/4
  1939 | D:3      | Reached skill level 1 in Shields
  2232 | D:3      | Gained mutation: You have hidden genetic defects. [potion
                  | of mutation]
  2232 | D:3      | Gained mutation: You are partially covered in iridescent
                  | scales. (AC +2) [potion of mutation]
  2232 | D:3      | Gained mutation: Potions are less effective at restoring
                  | your health. [potion of mutation]
  2232 | D:3      | Gained mutation: You are agile. (Dex +4, Str/Int -1)
                  | [potion of mutation]
  2233 | D:3      | Lost mutation: You are partially covered in iridescent
                  | scales. (AC +2) [potion of mutation]
  2233 | D:3      | Lost mutation: You have hidden genetic defects. [potion of
                  | mutation]
  2233 | D:3      | Lost mutation: Potions are less effective at restoring your
                  | health. [potion of mutation]
  2233 | D:3      | Gained mutation: You are dopey. (Int -2) [potion of
                  | mutation]
  2421 | D:4      | Reached XP level 6. HP: 59/59 MP: 5/5
  3007 | D:5      | Entered Level 5 of the Dungeon
  3068 | D:5      | Reached XP level 7. HP: 45/67 MP: 6/6
  3131 | D:5      | Found Wousiwk's Hydra Hut.
  3133 | D:5      | Noticed a four-headed hydra
  3415 | D:5      | Found an opulent altar of Gozag.
  3847 | D:6      | Reached skill level 5 in Shapeshifting
  3940 | D:6      | Reached XP level 8. HP: 78/78 MP: 7/7
  4037 | D:6      | Found a glowing drain.
  4052 | Sewer    | Entered a sewer
  4684 | D:7      | Reached skill level 5 in Unarmed Combat
  4721 | D:7      | Slain by an orc

Illustrated notes

Levels and vault maps discovered:
D:1:      denvon_arrival_planthouse, layout_loops_ring,
          dreamdust_ecumenical_altar_statues
D:2:      layout_basic, minivault_24, minmay_split_cup_small,
          uniq_crazy_yiuf_cottage, uniq_jessica
D:3:      layout_basic, nicolae_underground_beach
D:4:      layout_loops_ring
D:5:      layout_loops_ring, grunt_gozag_statues, doesnt_shop_hydraphobe
D:6:      layout_basic, portal_sewer_entry_f, minmay_pentangle
D:7:      layout_basic, minmay_temple_entry_trees

Skill      XL: |  1  2  3  4  5  6  7  8 |
---------------+-------------------------+-----
Fighting       | 1 2 3 4 |  4.8
Dodging        | 2 3 |  3.7
Shields        | 1 2 3 |  3.4
Shapeshifting  | 4 5 |  5.7
Unarmed Combat | 4 5 |  5.0

Action                     |  1- 3 |  4- 6 |  7- 9 || total
---------------------------+-------+-------+-------++-------
  Melee: Unarmed           |    89 |   131 |   150 ||   370
         Dagger            |       |     7 |       ||     7
Ability: Begin Untransform |       |     1 |       ||     1
    Use: Scroll            |       |     5 |       ||     5
         Potion            |       |     2 |       ||     2
   Stab: Sleeping          |     1 |       |       ||     1
 Armour: Animal skin       |    18 |       |       ||    18
         Robe              |     9 |    22 |    26 ||    57
  Dodge: Dodged            |    29 |    50 |    72 ||   151
  Block: Kite shield       |       |    36 |    28 ||    64
   Form: Flux              |       |       |     1 ||     1

Table legend: (Time is in decaauts)
 A = Elapsed time spent in this place.
 B = Non-inter-level travel time spent in this place.
 C = Inter-level travel time spent in this place.
 D = Time resting spent in this place.
 E = Time spent auto-exploring this place.
 F = Levels seen in this place.
 G = Mean time per level.
                   A        B        C        D        E       F      G
               +--------+--------+--------+--------+--------+-----+--------+
         Total |   4709 |   4467 |    242 |     73 |   3283 |   8 |  588.6 |
       Dungeon |   4456 |   4214 |    242 |     73 |   3167 |   7 |  636.6 |
         Sewer |    252 |    252 |      0 |      0 |    116 |   1 |  252.0 |
               +--------+--------+--------+--------+--------+-----+--------+

Top non-repeatable levels by time:
     D:2: 904 daAuts
     D:1: 745 daAuts
     D:5: 729 daAuts
     D:3: 700 daAuts
     D:6: 674 daAuts
     D:4: 649 daAuts
   Sewer: 252 daAuts
     D:7: 52 daAuts
